 Dungeon Crawl Stone Soup version 0.22.1-1-ga44c0e56f4 (webtiles) character file.

60987 Gargoyl the Protected (level 14, 0/106 HPs)
             Began as a Centaur Abyssal Knight on Oct 25, 2018.
             Was a High Priest of Lugonu.
             Slain by a mana viper (shapeshifter) (6 damage)
             ... while paralysed by a chaos spawn
             ... on level 14 of the Dungeon on Oct 26, 2018.
             The game lasted 00:51:38 (31384 turns).

Gargoyl the Protected (Centaur Abyssal Knight)     Turns: 31384, Time: 00:51:38

Health: 0/106      AC: 25    Str: 17    XL:     14   Next: 58%
Magic:  7/23       EV:  1    Int: 14    God:    Lugonu [*****.]
Gold:   1291       SH:  0    Dex: 14    Spells: 13/13 levels left

rFire    + + .     SeeInvis +   V - +6 war axe "Gram" {flame, Str-2 Int+3 Dex+2}
rCold    . . .     Gourm    .   h - +3 buckler {rF+}
rNeg     . . .     Faith    .   e - +0 plate armour
rPois    .         Spirit   .   Q - +2 hat {SInv}
rElec    .         Reflect  +   q - +1 cloak
rCorr    +         Harm     .   (no gloves)
MR       +....     Clarity  +   v - +1 centaur barding
Stlth    ..........             f - +2 amulet of reflection
HPRegen  0.27/turn              j - ring of resist corrosion
MPRegen  0.18/turn              A - ring of protection from fire

@: paralysed, very quick
A: large, hooves 3, clarity, deformed body, speed 2, frail 1, strong 1, tough
skin 3
a: Depart the Abyss, Bend Space, Banish, Corrupt, Enter the Abyss, Renounce
Religion


You were on level 14 of the Dungeon.
You worshipped Lugonu.
Lugonu was extremely pleased with you.
You were not hungry.

You visited 2 branches of the dungeon, and saw 20 of its levels.
You visited the Abyss 2 times.
You also visited: Labyrinth.

You collected 1291 gold pieces.

Inventory:

Hand Weapons
 a - a +1 hand axe
 d - the +8 whip "Snakebite" {curare, rPois}
   (You found it on level 1 of the Lair of Beasts)

   It poisons the flesh of those it strikes.
   It protects you from poison.
 k - a +4 hand axe of chopping
 t - a +5 war axe
 V - the +6 war axe "Gram" (weapon) {flame, Str-2 Int+3 Dex+2}
   (You found it on level 12 of the Dungeon)

   It has been specially enchanted to burn those struck by it, causing extra
   injury to most foes and up to half again as much damage against particularly
   susceptible opponents.
   Big, fiery blades are also staple armaments of hydra-hunters.
   It affects your strength (-2).
   It affects your intelligence (+3).
   It affects your dexterity (+2).
Missiles
 S - 15 tomahawks (quivered)
Armour
 e - a +0 plate armour (worn)
 h - a +3 buckler of fire resistance (worn)
 q - a +1 cloak (worn)
 v - a +1 centaur barding (worn)
 Q - a +2 hat of see invisible (worn)
Jewellery
 f - a +2 amulet of reflection (around neck)
 j - a ring of resist corrosion (left hand)
 A - a ring of protection from fire (right hand)
 P - an uncursed ring of protection from fire
Wands
 m - a wand of digging (13)
 p - a wand of polymorph (25)
 w - a wand of disintegration (42)
 y - a wand of flame (96)
 z - a wand of acid (21)
 D - a wand of paralysis (14)
 E - a wand of random effects (82)
 K - a wand of iceblast (3)
 R - a wand of scattershot (6)
Scrolls
 b - 19 scrolls of identify
 l - 2 scrolls of amnesia
 r - 12 scrolls of remove curse
 u - 5 scrolls of fear
 x - 2 scrolls of holy word
 F - 2 scrolls of magic mapping
 G - a scroll of blinking
 H - 2 scrolls of fog
 J - 4 scrolls of teleportation
Potions
 g - 5 potions of mutation
 i - 5 potions of brilliance
 n - 4 potions of haste
 o - 2 potions of cancellation
 s - 3 potions of flight
 B - a potion of might
 M - 2 potions of curing
 N - 2 potions of ambrosia
 O - 3 potions of heal wounds
 T - a potion of invisibility
Comestibles
 c - 8 rations


   Skills:
 + Level 9.2 Fighting
 + Level 9.1(10.3) Axes
 + Level 8.0(9.9) Maces & Flails
 + Level 0.4 Throwing
 * Level 12.1 Armour
 + Level 2.0 Dodging
 + Level 6.2 Shields
 * Level 12.1 Invocations
 + Level 1.2 Evocations


You had 13 spell levels left.
You didn't know any spells.
Your spell library contained the following spells:

 Spells                   Type           Power        Failure   Level  Hunger
 Corona                   Hex            #......      99%         1    ##.....
 Infusion                 Chrm           #...         99%         1    ##.....
 Magic Dart               Conj           #...         99%         1    ##.....
 Shock                    Conj/Air       #...         99%         1    ##.....
 Sting                    Conj/Pois      #...         99%         1    ##.....
 Blink                    Tloc           N/A          100%        2    ###....
 Call Imp                 Summ           #.......     100%        2    ###....
 Poisonous Vapours        Pois/Air       #.....       100%        2    ###....
 Slow                     Hex            #.......     100%        2    ###....
 Swiftness                Chrm/Air       #.......     100%        2    ###....
 Conjure Flame            Conj/Fire      #.......     100%        3    ####...
 Inner Flame              Hex/Fire       #.......     100%        3    ####...
 Mephitic Cloud           Conj/Pois/Air  #.......     100%        3    ####...
 Portal Projectile        Hex/Tloc       #.....       100%        3    ####...
 Static Discharge         Conj/Air       #.......     100%        3    ####...
 Airstrike                Air            #.........   100%        4    #####..
 Cause Fear               Hex            #.........   100%        4    #####..
 Leda's Liquefaction      Hex/Erth       #.........   100%        4    #####..
 Olgreb's Toxic Radiance  Pois           #.......     100%        4    #####..
 Sticky Flame             Conj/Fire      #.......     100%        4    #####..
 Fireball                 Conj/Fire      #.........   100%        5    ######.
 Lightning Bolt           Conj/Air       #.........   100%        5    ######.
 Venom Bolt               Conj/Pois      #.........   100%        5    ######.


Dungeon Overview and Level Annotations

Branches:
Dungeon (14/15)            Temple (0/1) D:6            Lair (6/6) D:11
 Shoals (0/4) Lair:3       Spider (0/4) Lair:3        Slime (0/5) Lair:6
    Orc (0/2) D:9          Vaults (0/5) D:13

Altars:
Cheibriados
Dithmenos
Fedhas
Gozag
Hepliaklqana
Kikubaaqudgha
Makhleb
Nemelex Xobeh
Okawaru
Qazlal
Ru
Wu Jian
Xom
Yredelemnul
Zin

Shops:
D:7 }   D:12 [

Annotations:
D:7 2 transporters
Abyss:1 Urug


Innate Abilities, Weirdness & Mutations

You have hooves in place of feet.
Armour fits poorly on your strangely shaped body.
You cover ground very quickly.
You have extremely tough skin. (AC +3)
You possess an exceptional clarity of mind.
You are frail. (-10% HP)
Your muscles are strong. (Str +2)


Message History

The mana viper bites you.
* * * LOW HITPOINT WARNING * * *
You feel your power leaking away.
The kobold demonologist hits you but does no damage.
The sixfirhy hits you but does no damage.
The ynoxinul is engulfed in seething chaos.
The ynoxinul is moving more slowly.
The ynoxinul gestures.
The orange demon stings you but does no damage.
The sixfirhy hits you but does no damage. x2
The mana viper bites you but does no damage.
The kobold demonologist hits you but does no damage.
The kobold demonologist casts a spell.
The orange demon stings you but does no damage.
The mana viper bites you but does no damage.
The kobold demonologist hits you but does no damage.
The iron imp spits at you.
The ynoxinul hits you but does no damage.
The mana viper bites you.
You die...

##(......>.#
####...##.....#
...<.#####....#
###### .#..##
#....## ##....##
..#.#
##....###..###.#
##.##
####5.55.## #.#
## ##45### #.#
#3K# #.# ####
#3@# #.# #..#
#KS# #.# #..##
#55# #.# #...#
#.4# ###
#..4######..#
#..K..##....#
#..4KK.4.(.##
##)(#########
#)ยง.#


You could see an orange demon, a mana viper shaped shifter, a rust devil, 2
kobold demonologists, a sixfirhy, a ynoxinul (petrifying), an iron imp, a
quasit, a shadow imp and 3 ufetubi.

Vanquished Creatures
  A minotaur (Lab)
  An ogre mage (D:13)
  2 vault guards (D:13)
  2 hydras
  3 catoblepae (Lair:6)
  A centaur warrior (D:13)
  A two-headed ogre (D:12)
  11 death yaks
  A tengu warrior (D:13)
  A deep elf knight (D:13)
  4 orc knights
  Pikel (D:6)
  3 ugly things
  2 cyclopes
  A wolf spider (Lair:3)
  An orc sorcerer (D:13)
  4 manticores
  7 black mambas
  A centaur zombie (D:12)
  A gargoyle (D:12)
  2 centaur skeletons
  A yaktaur (D:13)
  6 spiny frogs
  3 kobold demonologists
  A rime drake (Lair:6)
  6 komodo dragons
  A jumping spider (Lair:3)
  10 hippogriffs
  20 dream sheep
  20 blink frogs
  A spriggan (D:9)
  2 shadows
  A redback (Lair:3)
  A wraith (D:11)
  2 wyverns
  36 yaks
  A basilisk (Lair:1)
  4 hungry ghosts
  A steam dragon (D:9)
  5 vampire mosquitoes (D:13)
  17 water moccasins
  10 porcupines
  2 eyes of draining
  2 sky beasts
  A slave (D:6)
  2 ice beasts
  4 black bears
  7 orc warriors
  3 phantoms
  A black mamba simulacrum (Lair:5)
  3 ogres
  15 centaurs
  7 crocodiles
  4 big kobolds
  A gnoll sergeant (D:5)
  19 bullfrogs
  A wyvern zombie (D:14)
  3 scorpions
  5 killer bees (D:9)
  3 wights (D:9)
  5 howler monkeys
  An electric eel (D:11)
  4 crimson imps
  4 lava snakes (Lab)
  A bullfrog zombie (D:12)
  A quasit (D:11)
  3 bullfrog skeletons
  Crazy Yiuf (D:2)
  4 jellies
  10 hounds
  10 orc priests
  A gnoll shaman (D:7)
  Terence (D:2)
  6 iguanas
  10 orc wizards
  7 worker ants
  A worker ant zombie (D:8)
  17 gnolls
  12 adders
  4 shadow imps
  An adder zombie (D:8)
  A worm (D:2)
  A dart slug (D:3)
  4 leopard geckos
  31 orcs
  8 bats
  4 giant cockroaches
  13 goblins
  4 hobgoblins
  7 jackals
  5 quokkas
  A ball python (D:2)
  4 frilled lizards
  15 kobolds
  9 rats
  4 fungi
  2 plants
500 creatures vanquished.

Vanquished Creatures (others)
  A centaur warrior (D:13)
  A two-headed ogre (D:9)
  An unseen horror (D:11)
  4 oklob plants (Lair:6)
  2 black mambas
  A gargoyle (D:10)
  A jumping spider (Lair:3)
  A basilisk (Lair:3)
  2 kobolds (D:14)
  12 fungi
  9 plants
  4 starspawn tentacles (Abyss:1)
39 creatures vanquished.

Grand Total: 539 creatures vanquished

Notes
Turn   | Place    | Note
-------+----------+-------------------------------------------
     0 | Abyss:1  | Gargoyl the Centaur Abyssal Knight began the quest for the
                  | Orb.
     0 | Abyss:1  | Reached XP level 1. HP: 19/19 MP: 2/2
    44 | Abyss:1  | Noticed a tentacled starspawn
    77 | Abyss:1  | Noticed an earth elemental
   107 | Abyss:2  | Gained mutation: Your magical capacity is low. (-10% MP)
                  | [potion of mutation]
   107 | Abyss:2  | Gained mutation: You are robust. (+10% HP) [potion of
                  | mutation]
   119 | Abyss:2  | Noticed a small abomination
   155 | D:1      | Escaped the Abyss
   338 | D:1      | Reached * piety under Lugonu
   350 | D:1      | Reached XP level 2. HP: 11/28 MP: 3/3
  1421 | D:2      | Reached XP level 3. HP: 34/34 MP: 4/4
  1603 | D:2      | Reached XP level 4. HP: 41/41 MP: 5/5
  1927 | D:2      | Reached ** piety under Lugonu
  1958 | D:2      | Found a runed door.
  2133 | D:2      | Reached XP level 5. HP: 36/49 MP: 6/6
  2635 | D:2      | Noticed Terence
  2643 | D:2      | Killed Terence
  2888 | D:2      | Noticed Crazy Yiuf
  2897 | D:2      | Killed Crazy Yiuf
  3240 | D:3      | Found a stormy altar of Qazlal.
  3243 | D:3      | Found a blossoming altar of Fedhas.
  3349 | D:3      | Found an ancient bone altar of Kikubaaqudgha.
  3695 | D:3      | Found a faded altar of an unknown god.
  3800 | D:3      | Reached XP level 6. HP: 47/57 MP: 7/7
  4027 | D:4      | Reached *** piety under Lugonu
  4307 | D:4      | Found a hazy altar of Hepliaklqana.
  4312 | D:4      | Found a shimmering altar of Xom.
  4320 | D:4      | Found an ornate altar of the Wu Jian Council.
  4321 | D:4      | Found a snail-covered altar of Cheibriados.
  4321 | D:4      | Found an iron altar of Okawaru.
  4451 | D:4      | Found a basalt altar of Yredelemnul.
  4823 | D:4      | Found a sacrificial altar of Ru.
  4871 | D:4      | Reached XP level 7. HP: 64/64 MP: 8/8
  4900 | D:5      | Entered Level 5 of the Dungeon
  5956 | D:5      | Reached skill level 1 in Shields
  6239 | D:6      | Reached XP level 8. HP: 61/73 MP: 10/10
  6429 | D:5      | Reached skill level 5 in Axes
  6684 | D:6      | Lost mutation: Your magical capacity is low. (-10% MP)
                  | [potion of mutation]
  6684 | D:6      | Gained mutation: You have a pair of small horns on your
                  | head. [potion of mutation]
  6684 | D:6      | Gained mutation: You have a beak for a mouth. [potion of
                  | mutation]
  6685 | D:6      | Lost mutation: You have a pair of small horns on your head.
                  | [potion of mutation]
  6685 | D:6      | Lost mutation: You are robust. (+10% HP) [potion of
                  | mutation]
  6685 | D:6      | Lost mutation: You have a beak for a mouth. [potion of
                  | mutation]
  6685 | D:6      | Gained mutation: Your muscles are strong. (Str +2) [potion
                  | of mutation]
  6685 | D:6      | Gained mutation: You are frail. (-10% HP) [potion of
                  | mutation]
  6685 | D:6      | Gained mutation: You possess an exceptional clarity of
                  | mind. [potion of mutation]
  6761 | D:6      | Found a staircase to the Ecumenical Temple.
  6860 | D:6      | Noticed Pikel
  6883 | D:6      | Killed Pikel
  6883 | D:6      | Reached skill level 5 in Armour
  6883 | D:6      | Reached skill level 5 in Invocations
  7306 | D:7      | Found a burning altar of Makhleb.
  7337 | D:7      | Found a transporter.
  7352 | D:7      | Found a transporter.
  7387 | D:7      | Reached skill level 5 in Fighting
  7478 | D:7      | Reached XP level 9. HP: 64/66 MP: 13/13
  7519 | D:7      | Found Urumuiw's Gadget Shop.
  7599 | D:7      | Found a glowing silver altar of Zin.
  7610 | D:7      | Reached **** piety under Lugonu
  9043 | D:9      | Found a staircase to the Orcish Mines.
  9084 | D:9      | Noticed a two-headed ogre
  9098 | D:9      | Banished a two-headed ogre
  9280 | D:9      | Found a shadowy altar of Dithmenos.
  9819 | D:8      | Reached XP level 10. HP: 74/74 MP: 14/14
 10263 | D:9      | Found a sparkling altar of Nemelex Xobeh.
 10264 | D:9      | Found an opulent altar of Gozag.
 10629 | D:10     | Entered Level 10 of the Dungeon
 10691 | D:10     | Noticed a gargoyle
 10700 | D:10     | Banished a gargoyle
 11022 | D:10     | Reached skill level 1 in Dodging
 11802 | D:10     | Noticed a four-headed hydra
 11812 | D:10     | Killed a one-headed hydra
 12403 | D:11     | Noticed a brown ugly thing
 12411 | D:11     | Noticed Urug
 12417 | D:11     | Killed a brown ugly thing
 12677 | D:11     | Banished Urug
 12935 | D:11     | Reached XP level 11. HP: 78/81 MP: 16/16
 12957 | D:11     | Banished an unseen horror
 13534 | D:11     | Found a staircase to the Lair.
 14123 | Lair:1   | Entered Level 1 of the Lair of Beasts
 16438 | Lair:1   | Found the +8 whip "Snakebite" {curare, rPois}
 17189 | Lair:2   | Reached skill level 1 in Maces & Flails
 17901 | Lair:2   | Reached ***** piety under Lugonu
 17901 | Lair:2   | Reached XP level 12. HP: 51/90 MP: 18/18
 18410 | Lair:3   | Found a staircase to the Shoals.
 18482 | Lair:3   | Found a labyrinth entrance.
 18501 | Lab      | Entered a labyrinth
 19387 | Lab      | Noticed a minotaur
 19396 | Lab      | HP: 2/90 [minotaur/javelin (24)]
 19422 | Lab      | Killed a minotaur
 19425 | Lab      | Got an amber-studded scale mail
 19706 | Lab      | Identified the cursed +1 scale mail of Fallacy {-Tele rN+
                  | SInv} (You took it off a minotaur in a labyrinth)
 19734 | Lab      | Identified the Tome of the Journeyman
 19736 | Lab      | Got a dazzling hand axe
 19739 | Lair:3   | Identified the +6 hand axe of the Mind {protect, *Noise rF-
                  | rN+++ Str+4} (You found it in a labyrinth)
 20073 | Lair:3   | Reached skill level 10 in Armour
 20292 | Lair:3   | Found a hole to the Spider Nest.
 21730 | Lair:5   | Reached skill level 10 in Invocations
 21866 | Lair:5   | Found a transporter.
 22575 | Lair:5   | Found a transporter.
 22917 | Lair:6   | Entered Level 6 of the Lair of Beasts
 23698 | Lair:6   | Noticed a death yak
 23698 | Lair:6   | Noticed a death yak
 23699 | Lair:6   | Noticed a death yak
 23701 | Lair:6   | Noticed a death yak
 23703 | Lair:6   | Noticed a death yak
 23703 | Lair:6   | Noticed a death yak
 23715 | Lair:5   | Killed a death yak
 23715 | Lair:5   | Reached XP level 13. HP: 76/96 MP: 20/20
 24196 | Lair:5   | Reached skill level 5 in Maces & Flails
 24541 | Lair:6   | Reached skill level 5 in Shields
 24578 | Lair:6   | Reached skill level 1 in Evocations
 24791 | Lair:6   | Found a staircase to the Slime Pits.
 25931 | Abyss:1  | Noticed a tentacled starspawn
 25934 | Lair:6   | Escaped the Abyss
 27340 | D:12     | Found Utomazah's Armour Shop.
 27656 | D:12     | Reached XP level 14. HP: 102/104 MP: 22/22
 28545 | D:12     | Got a jewelled war axe
 28562 | D:12     | Identified the +6 war axe "Gram" {flame, Str-2 Int+3 Dex+2}
                  | (You found it on level 12 of the Dungeon)
 29713 | D:13     | Found a gate to the Vaults.
 31378 | D:14     | Paralysed by a chaos spawn for 7 turns
 31384 | D:14     | Slain by a mana viper (shapeshifter)

Skill      XL: |  1  2  3  4  5  6  7  8  9 10 11 12 13 14 |
---------------+-------------------------------------------+-----
Armour         | 2 3 4 5 6 8 9 10 11 12 | 12.1
Axes           | 2 3 4 5 7 8 9 |  9.1
Invocations    | 3 4 5 6 7 9 10 11 12 | 12.1
Fighting       | 4 5 6 7 8 9 |  9.2
Shields        | 1 2 3 4 5 6 |  6.2
Dodging        | 1 2 |  2.0
Maces & Flails | 1 4 6 8 |  8.0
Evocations     | 1 |  1.2
Throwing       | |  0.4

Action                   |  1- 3 |  4- 6 |  7- 9 | 10-12 | 13-15 || total
-------------------------+-------+-------+-------+-------+-------++-------
Melee: Hand axe          |   104 |   189 |   371 |   492 |       ||  1156
       Kick              |    13 |    36 |    82 |   219 |   259 ||   609
       Whip              |       |       |       |   378 |   733 ||  1111
       War axe           |       |       |       |       |    58 ||    58
Throw: Tomahawk          |       |       |       |       |     8 ||     8
Invok: Depart the Abyss  |     1 |       |       |       |     1 ||     2
       Banish            |       |       |     2 |     8 |     5 ||    15
       Bend Space        |       |       |       |     1 |     1 ||     2
       Enter the Abyss   |       |       |       |       |     1 ||     1
Evoke: Wand              |       |       |     2 |     3 |     4 ||     9
  Use: Scroll            |     4 |     6 |    10 |    14 |     5 ||    39
       Potion            |     3 |       |     2 |    10 |     1 ||    16
  Eat: Chunk             |     1 |     9 |     3 |    22 |    16 ||    51
       Ration            |       |       |     6 |     5 |     4 ||    15
Armor: Plate armour      |   115 |   190 |   228 |   673 |   423 ||  1629
Dodge: Dodged            |     6 |    18 |    44 |    82 |    57 ||   207
Block: Buckler           |     5 |    35 |   111 |   328 |   300 ||   779
       Reflection        |       |       |       |       |    20 ||    20
